 Dungeon Crawl Stone Soup version 0.30.2 (webtiles) character file.

Game seed: 16325883215058470896

6 ratkingdom the Caller (level 1, -2/7 HPs)
             Began as a Felid Summoner on Mar 22, 2024.
             Slain by a quokka (5 damage)
             ... on level 1 of the Dungeon on Mar 29, 2024.
             The game lasted 00:01:26 (342 turns).

ratkingdom the Caller (Felid Summoner)               Turns: 342, Time: 00:01:27

Health: -2/7       AC:  1    Str:  4    XL:     1   Next: 75%
Magic:  4/4        EV: 17    Int: 16    God:
Gold:   13         SH:  0    Dex: 16    Spells: 3/4 levels left
                                        Lives:  0   Deaths: 0

rFire   . . .        (weapon unavailable)
rCold   . . .        (shield unavailable)
rNeg    . . .        (body armour unavailable)
rPois   .            (helmet unavailable)
rElec   .            (cloak unavailable)
rCorr   .            (gloves unavailable)
SInv    +            (boots unavailable)
Will    .....        (no amulet)
Stlth   ++           (no ring)
HPRegen 0.21/turn    (no ring)
MPRegen 0.09/turn

%: no passive effects
@: quick
A: very small, claws 1, fangs 3, see invisible, speed 1, shaggy fur 1, stealthy
paws, no weapons or thrown items, no armour, multi-lived
a: no special abilities


You were on level 1 of the Dungeon.
You visited 1 branch of the dungeon, and saw 1 of its levels.

You collected 13 gold pieces.

Inventory:

Scrolls
 b - a scroll of acquirement {unknown}
 c - a scroll of enchant weapon {unknown}
 d - a scroll of fog {unknown}
 f - a scroll of vulnerability {unknown}
Potions
 a - a potion of magic
 e - a potion of flight {unknown}
 g - a potion of curing {unknown}


   Skills:
 + Level 2.7 Dodging
 + Level 2.7 Stealth
 + Level 2.0 Spellcasting
 + Level 4.3 Summonings


You had 3 spell levels left.
You knew the following spells:

 Your Spells              Type           Power      Damage    Failure   Level
a - Summon Small Mammal   Summ           60%        N/A       3%          1

Your spell library contained the following spells:

 Spells                   Type           Power      Damage    Failure   Level
 Call Imp                 Summ           30%        N/A       5%          2
 Call Canine Familiar     Summ           15%        N/A       11%         3
 Summon Guardian Golem    Hex/Summ       8%         N/A       26%         3
 Summon Lightning Spire   Summ/Air       8%         N/A       63%         4


Dungeon Overview and Level Annotations

Branches:
Dungeon (1/15)

Altars:


Innate Abilities, Weirdness & Mutations

You have sharp claws.
You have razor-sharp teeth.
You have supernaturally acute eyesight. (SInv)
You cover ground quickly. (Speed+)
You are covered in fur. (AC +1)
Your paws help you pounce on unaware monsters.
You are incapable of wielding weapons or throwing items.
You cannot wear armour.
You gain extra lives every three experience levels.


Message History

You kill the rat!
You see here a rat corpse.
The ball python barely misses you. x2
You scratch the ball python.
The ball python is moderately wounded.
The ball python barely misses you. The ball python grabs you.
The ball python constricts you. The ball python misses you.
The ball python constricts you.
You closely miss the ball python.
The ball python is moderately wounded.
The ball python barely misses you. The ball python constricts you.
You scratch the ball python.
You kill the ball python!
You see here a rat corpse.
f - a scroll labelled NEYTZA LOEFAST
Found 4 javelins.
Found an orange potion.
A quokka comes into view.
You see here 4 javelins.
g - an orange potion You see here a +0 short sword.
Save game and exit?
Welcome back, ratkingdom the Felid Summoner.
Press ? for a list of commands and other information.
You see here a +0 short sword.
A rat comes into view.
You scratch the quokka.
The quokka is heavily wounded.
The quokka bites you. x2
You barely miss the quokka.
The quokka is heavily wounded.
The quokka closely misses you.
You miss the quokka.
The quokka is heavily wounded.
The quokka misses you.
You barely miss the quokka.
The quokka is heavily wounded.
The rat bites you. The quokka bites you.
Ouch! That really hurt!
You die...

.# .# ##..... ##.##
...... .... .... #..#
... ######..###### #.#
#....rr....... #.###.##
#@.##
####......###...##
#.........##.....## .
#.#...............#
..##†#.####.##......##
#......# #.##.#(#.##
####.######.##..###..
#.......).......# ....
#.............##.######


You could see a quokka and a rat.

Vanquished Creatures
  A bat (D:1)
  A giant cockroach (D:1)
  A goblin (D:1)
  A ball python (D:1)
  2 rats (D:1)
6 creatures vanquished.

Notes
Turn   | Place    | Note
-------+----------+-------------------------------------------
     0 | D:1      | ratkingdom the Felid Summoner began the quest for the Orb.
     0 | D:1      | Reached XP level 1. HP: 7/7 MP: 4/4
   342 | D:1      | Slain by a quokka

Illustrated notes

Levels and vault maps discovered:
D:1:      kennysheep_arrival_forest, layout_loops_ring, minmay_heptomino_l4

Action                     || total
---------------------------++-------
  Melee: Unarmed           ||    25
         Bite              ||     3
   Cast: Summon Small Mamm ||     2
 Armour: Skin              ||     4
  Dodge: Dodged            ||    21
